 Dungeon Crawl Stone Soup version 0.30-a0-802-gb92711bcdf (webtiles) character file.

Game seed: 12686479225462582943

2 porpoise the Sneak (level 1, -3/9 HPs)
             Began as a Spriggan Enchanter on Feb 25, 2023.
             Killed from afar by a dart slug (6 damage)
             ... with a slug dart
             ... on level 1 of the Dungeon.
             The game lasted 00:01:26 (124 turns).

porpoise the Sneak (Spriggan Enchanter)              Turns: 124, Time: 00:01:27

Health: -3/9       AC:  2    Str:  4    XL:     1   Next: 33%
Magic:  5/5        EV: 17    Int: 16    God:
Gold:   0          SH:  0    Dex: 15    Spells: 5/5 levels left

rFire   . . .      SeeInvis +    a - +1 dagger
rCold   . . .      Faith    .    (no shield)
rNeg    . . .      Spirit   .    b - +0 robe
rPois   .          Reflect  .    (helmet restricted)
rElec   .          Harm     .    (no cloak)
rCorr   .          Rampage  .    (gloves unavailable)
Will    .....                    (boots unavailable)
Stlth   +++                      (no amulet)
HPRegen 0.21/turn                (no ring)
MPRegen 0.09/turn                (no ring)

@: very quick
A: very small, no large weapons, unfitting armour, see invisible, speed 3
a: no special abilities


You were on level 1 of the Dungeon.
You visited 1 branch of the dungeon, and saw 1 of its levels.

Inventory:

Hand Weapons
 a - a +1 dagger (weapon)
Missiles
 e - 2 stones (quivered)
 g - 3 poisoned darts
Armour
 b - a +0 robe (worn)
Scrolls
 d - a scroll of fog {unknown}
 f - a scroll of teleportation {unknown}
Potions
 c - 2 potions of invisibility
 h - a potion of degeneration {unknown}


   Skills:
 + Level 0.1 Fighting
 + Level 1.1 Short Blades
 - Level 2.6 Dodging
 * Level 4.5 Stealth
 - Level 2.6 Spellcasting
 * Level 3.7 Hexes


You had 5 spell levels left.
You didn't know any spells.
Your spell library contained the following spells:

 Spells                   Type           Power      Damage    Failure   Level
 Confusing Touch          Hex            14%        N/A       13%         3
 Tukima's Dance           Hex            14%        N/A       13%         3
 Ensorcelled Hibernation  Hex/Ice        16%        N/A       14%         2
 Dazzling Flash           Conj/Hex       16%        N/A       26%         3


Dungeon Overview and Level Annotations

Branches:
Dungeon (1/15)

Altars:


Innate Abilities, Weirdness & Mutations

You are very small and have problems with some larger weapons.
You are too small for most types of armour.
You have supernaturally acute eyesight. (SInv)
You cover ground extremely quickly. (Speed+++)


Message History

Unknown command.
Found a chain mail.
d - a scroll labelled WALYAVO LIRIRACYL
Found a dagger.
A hobgoblin comes into view.
Found a scroll labelled JIYWYI INESYNINN.
The hobgoblin shouts!
You barely miss the hobgoblin. The hobgoblin hits you.
You hit the hobgoblin.
You kill the hobgoblin!
You start resting.
HP restored.
e - 2 stones
f - a scroll labelled JIYWYI INESYNINN
g - 3 poisoned darts A hobgoblin comes into view.
The helpless hobgoblin fails to defend itself.
You impale the hobgoblin!!
You kill the hobgoblin!
Found a faded altar of an unknown god.
Found a metallic puce potion.
There is a faded altar of an unknown god here.
This altar belongs to (a) Zin, (b) Makhleb or (c) Jiyva, but you can't tell which.
Press the corresponding letter to learn more about a god, or press enter to convert or escape to cancel.
Okay, then.
h - a metallic puce potion A dart slug comes into view.
A hobgoblin comes into view.
The hobgoblin shouts!
The dart slug launches a dart at you. The slug dart hits you.
You hit the dart slug.
The dart slug is moderately wounded.
The dart slug bites you.
You are too injured to fight recklessly!
You hit the dart slug.
The dart slug is heavily wounded.
The dart slug launches a dart at you. The slug dart hits you.
Ouch! That really hurt!
You die...

#.##.#..# #.# .#.
#.##.##.#..# #.# ..
#.##.##.#..## #.#
#..#.##.##.#...####.#
#..#.............##.#
#..#.......#......#.#
##.#.....#.#####...#....
.........#.# #.#...#.#
#.....@...#####........
####.w#g###............
#..#.# #.######.##.#
#..#.# #.##.# #..#.#
#.##.# #..... #.##.#
##.... .....# ###.. .#


You could see a dart slug and a hobgoblin.

Vanquished Creatures
  2 hobgoblins (D:1)
2 creatures vanquished.

Notes
Turn   | Place    | Note
-------+----------+-------------------------------------------
     0 | D:1      | porpoise the Spriggan Enchanter began the quest for the
                  | Orb.
     0 | D:1      | Reached XP level 1. HP: 9/9 MP: 5/5
    86 | D:1      | Found a faded altar of an unknown god.
   124 | D:1      | Killed from afar by a dart slug

Illustrated notes

Levels and vault maps discovered:
D:1:      moated_graveyard_arrival, layout_loops_ring,
          chequers_ecumenical_altar_simple_redux

Action                     || total
---------------------------++-------
  Melee: Dagger            ||     5
   Stab: Sleeping          ||     1

Table legend: (Time is in decaauts)
 A = Elapsed time spent in this place.
 B = Non-inter-level travel time spent in this place.
 C = Inter-level travel time spent in this place.
 D = Time resting spent in this place.
 E = Time spent auto-exploring this place.
 F = Levels seen in this place.
 G = Mean time per level.
                   A        B        C        D        E       F      G
               +--------+--------+--------+--------+--------+-----+--------+
         Total |     83 |     83 |      0 |     11 |     46 |   1 |   83.0 |
       Dungeon |     83 |     83 |      0 |     11 |     46 |   1 |   83.0 |
               +--------+--------+--------+--------+--------+-----+--------+

Top non-repeatable levels by time:
     D:1: 83 daAuts
